 Dungeon Crawl Stone Soup version 0.31-a0-765-g67fe2935dc (webtiles) character file.

Game seed: 5030631657203497264

3964 javelincjr the Destroyer (level 10, -11/56 HPs)
             Began as an Octopode Conjurer on Sept 15, 2023.
             Was a Believer of Vehumet.
             Mangled by a chaos spawn (15 damage)
             ... summoned by a kobold demonologist
             ... on level 9 of the Dungeon.
             The game lasted 00:43:05 (10007 turns).

javelincjr the Destroyer (Octopode Conjurer)       Turns: 10007, Time: 00:43:05

Health: -11/56     AC:  1    Str:  7    XL:     10   Next: 22%
Magic:  1/21       EV: 19    Int: 25    God:    Vehumet [**....]
Gold:   676        SH:  0    Dex: 10    Spells: 10/24 levels left

rFire   . . .        e - +4 quarterstaff (chaos)
rCold   . . .        (shield currently unavailable)
rNeg    . . .        (helmet restricted)
rPois   .            u - amulet of the acrobat
rElec   .            f - ring of wizardry
rCorr   .            p - +5 ring of evasion
SInv    .            y - +4 ring of slaying
Will    .....        (no ring)
Stlth   +++++        (no ring)
HPRegen 0.29/turn    (no ring)
MPRegen 0.17/turn    (no ring)
                     (no ring)

%: acrobat, wizardry (x1)
@: about to teleport, marked, very slightly contaminated
A: almost no armour, amphibious, 8 rings, camouflage 1, gelatinous body 1,
(nimble swimmer 1), tentacles
a: Renounce Religion


You were on level 9 of the Dungeon.
You worshipped Vehumet.
Vehumet was pleased with you.
You visited 1 branch of the dungeon, and saw 9 of its levels.
You also visited: Bailey.

You collected 896 gold pieces.
You spent 220 gold pieces at shops.

Inventory:

Hand Weapons
 e - a +4 quarterstaff of chaos (weapon)
 i - a +2 dagger of freezing
Missiles
 z - 20 boomerangs
 A - 14 curare-tipped darts
Jewellery
 f - a ring of wizardry (left tentacle)
 p - a +5 ring of evasion (right tentacle)
 u - an amulet of the acrobat (around mantle)
 y - a +4 ring of slaying (on tentacle)
Wands
 v - a wand of iceblast (12)
 C - a wand of charming (11)
 E - a wand of quicksilver (9)
Scrolls
 a - 2 scrolls of noise
 c - 2 scrolls of fear
 g - a scroll of amnesia {unknown}
 j - a scroll of revelation
 n - a scroll of immolation {unknown}
 q - 2 scrolls of enchant armour
 r - a scroll of blinking {unknown}
 t - a scroll of enchant weapon
 x - a scroll of vulnerability {unknown}
 D - a scroll of poison {unknown}
Potions
 b - 3 potions of brilliance
 h - a potion of curing
 k - a potion of lignification
 l - 3 potions of heal wounds
 m - a potion of invisibility {unknown}
 o - a potion of attraction {unknown}
 s - a potion of berserk rage {unknown}
 w - a potion of haste {unknown}
Miscellaneous
 B - a box of beasts


   Skills:
 + Level 5.9 Dodging
 + Level 8.6 Stealth
 * Level 7.7 Spellcasting
 * Level 9.0 Conjurations
 + Level 2.4 Fire Magic
 + Level 2.6 Evocations


You had 10 spell levels left.
You knew the following spells:

 Your Spells              Type           Power      Damage    Failure   Level
a - Magic Dart            Conj           100%       1d8       1%          1
b - Searing Ray           Conj           100%       2d8       1%          2
c - Foxfire               Conj/Fire      100%       2x1d9     1%          1
d - Blink                 Tloc           18%        N/A       4%          2
e - Iskenderun's Mystic   Conj/Tloc      32%        2d8       4%          4
f - Fulminant Prism       Conj/Hex       16%        3d10      4%          4

Your spell library contained the following spells:

 Spells                   Type           Power      Damage    Failure   Level
 Poisonous Vapours        Pois/Air       18%        N/A       4%          2
 Shock                    Conj/Air       100%       1d9       1%          1
 Static Discharge         Conj/Air       64%        2-5/arc   1%          2
 Dazzling Flash           Conj/Hex       64%        N/A       1%          3
 Apportation              Tloc           18%        N/A       2%          1
 Necrotise                Necr           36%        1d5       2%          1
 Summon Small Mammal      Summ           36%        N/A       2%          1
 Cigotuvi's Dreadful Rot  Necr/Pois/Air  18%        N/A       4%          2
 Tukima's Dance           Hex            9%         N/A       8%          3
 Freezing Cloud           Conj/Ice/Air   12%        6-21      21%         5
 Airstrike                Air            4%         2d(1-17)  24%         4
 Dimensional Bullseye     Hex/Tloc       4%         N/A       24%         4
 Dispel Undead            Necr           9%         3d8       24%         4
 Manifold Assault         Tloc           9%         N/A       24%         4
 Summon Lightning Spire   Summ/Air       9%         N/A       24%         4
 Leda's Unmaking          Conj/Erth      16%        9d3       50%         6
 Lee's Rapid Deconstruct  Erth           4%         3d5*      52%         5
 Death Channel            Necr           4%         N/A       97%         6
 Animate Armour           Summ/Erth      Unusable   N/A       N/A         4

Dungeon Overview and Level Annotations

Branches:
Dungeon (9/15)             Temple (0/1) D:7            Lair (0/5) D:9
    Orc (0/2) D:9          Bailey (visited)

Altars:
Ashenzari
Elyvilon
Fedhas
Hepliaklqana
Kikubaaqudgha
Okawaru
Ru
Vehumet
Wu Jian
Xom
Zin

Shops:
D:7 *

Annotations:
D:5 3 runed translucent doors, IHitMyHead's ghost, novice MiFi


Innate Abilities, Weirdness & Mutations

You cannot wear most types of armour.
You are amphibious.
You can wear up to eight rings at the same time.
Your skin changes colour to match your surroundings (Stealth+).
Your rubbery body absorbs attacks. (AC +1, EV +1)
((You are camouflaged when in or above water. (Stealth+)))
You have tentacles for arms and can constrict up to eight enemies at once.


Message History

It is a scroll of enchant weapon.
Your +3 quarterstaff of chaos glows red for a moment.
The kobold demonologist casts a spell.
As you read the scroll labelled AGI ISSIRRU, it crumbles to dust.
You feel strangely unstable.
It was a scroll of teleportation.
The kobold demonologist mumbles some strange words.
The chaos spawn completely misses you.
Casting: Fulminant Prism (dangerous; 4% risk of failure)
Confirm with . or Enter, or press ? or * to list all spells.
You miscast Iskenderun's Mystic Blast.
You are very lightly contaminated with residual magic.
Nothing appears to happen.
The kobold demonologist looks encouraged for a moment.
The chaos spawn gores you! The chaos spawn freezes you!
* * * LOW HITPOINT WARNING * * *
The shadow imp completely misses you.
Casting: Iskenderun's Mystic Blast (dangerous; 4% risk of failure)
Confirm with . or Enter, or press ? or * to list all spells.
You erupt in a blast of force!
The mystic blast hits the kobold demonologist.
The kobold demonologist is heavily wounded.
The kobold demonologist is knocked back by the mystic blast.
The kobold demonologist slams into the stone wall!
The kobold demonologist is heavily wounded.
The mystic blast hits the skeletal warrior but does no damage.
The mystic blast hits the chaos spawn.
The chaos spawn is lightly wounded.
The chaos spawn is knocked back by the mystic blast.
The chaos spawn slams into the rock wall!
The mystic blast hits the shadow imp.
The shadow imp is lightly wounded.
The shadow imp is knocked back by the mystic blast.
The shadow imp slams into the stone wall!
The shadow imp is moderately wounded.
It was a potion of heal wounds.
You feel much better.
The skeletal warrior hits you with a +0 dire flail!!
Ouch! That really hurt!
* * * LOW HITPOINT WARNING * * *
The chaos spawn gores you!
You die...

...#.# #..# #####....#
...#.#**#..####........#
##.#..,,...#..'.##.....#
##.###**####..#.##.....#
....#*,,,>##..#.##.....#
....#*,,,.#####..>.....#
....#*,,,.....#####....##
....#*,,,.........#.....###***
#####*,,,.##...)@4#4.......,,*
*****,,,,.......zc55.......,,*
,,,,,,,,,.....##†##K#######,,*
,,,,,,*,*..###....#.#...,,*,,*
,,,,,,*,,.....#.##..#.#'*,*,,*
,,,,,,***#.#...####z#.#!*,*,,*
,,,,,,*,*.#.##.###..#.##*,*,,*
*****,**,.##.####...#...,,*,,*
,,,,,,,*,,,,,,,,**#.#**'***,,*


You could see a skeletal warrior, a centaur warrior, a kobold demonologist, a
chaos spawn (summoned), a shadow imp (summoned) and an ufetubus (summoned).

Vanquished Creatures
  A wraith (D:8)
  2 yaks (D:9)
  2 steam dragons
  4 water moccasins
  3 ice beasts
  5 orc warriors
  A black bear (D:7)
  A centaur (D:7)
  2 phantoms
  9 kobold brigands
  A bullfrog (D:6)
  2 scorpions
  5 killer bees
  3 hounds
  4 orc priests
  A jelly (D:4)
  Crazy Yiuf (D:4)
  A gnoll bouda (D:7)
  3 sleepcaps
  An iguana (D:5)
  5 orc wizards
  Robin (D:3)
  10 gnolls
  5 adders
  A shadow imp (D:7)
  2 white imps
  2 ufetubi
  5 worms
  27 orcs
  12 ball pythons
  An endoplasm (D:1)
  3 giant cockroaches
  20 goblins
  7 hobgoblins
  11 jackals
  9 quokkas
  4 bats
  4 frilled lizards
  19 kobolds
  5 rats
205 creatures vanquished.

Vanquished Creatures (others)
  543 foxfires
  11 fulminant prisms
554 creatures vanquished.

Grand Total: 759 creatures vanquished

Notes
Turn   | Place    | Note
-------+----------+-------------------------------------------
     0 | D:1      | javelincjr the Octopode Conjurer began the quest for the
                  | Orb.
     0 | D:1      | Reached XP level 1. HP: 11/11 MP: 3/3
   134 | D:1      | Reached XP level 2. HP: 17/17 MP: 1/5
   783 | D:1      | Reached XP level 3. HP: 21/21 MP: 3/6
   934 | D:1      | Learned a level 2 spell: Searing Ray
  1589 | D:2      | Reached XP level 4. HP: 9/27 MP: 0/8
  1726 | D:2      | Found a faded altar of an unknown god.
  1730 | D:2      | Got Plato's Meditations on Bolts
  1733 | D:2      | Learned a level 1 spell: Foxfire
  1805 | D:2      | Learned a level 2 spell: Blink
  2221 | D:3      | Reached XP level 5. HP: 31/31 MP: 4/9
  2235 | D:3      | Noticed Robin
  2324 | D:3      | Killed Robin
  3126 | D:3      | Reached skill level 5 in Conjurations
  3211 | D:4      | Reached XP level 6. HP: 33/36 MP: 6/11
  3394 | D:4      | Found a shimmering altar of Xom.
  3573 | D:4      | Got the Information on Bruises
  3662 | D:4      | Found an iron altar of Okawaru.
  3714 | D:4      | Found a runed translucent door.
  3715 | D:4      | Noticed Crazy Yiuf
  4020 | D:4      | Found a blossoming altar of Fedhas.
  4153 | D:4      | Learned a level 4 spell: Iskenderun's Mystic Blast
  4157 | D:4      | Killed Crazy Yiuf
  4298 | D:5      | Entered Level 5 of the Dungeon
  4298 | D:5      | Found a runed translucent gate.
  4298 | D:5      | Found a runed translucent gate.
  4298 | D:5      | Found a runed translucent gate.
  4308 | D:5      | Reached skill level 5 in Stealth
  4531 | D:5      | Found a sacrificial altar of Ru.
  4719 | D:5      | Reached XP level 7. HP: 41/41 MP: 6/13
  4975 | D:5      | Noticed IHitMyHead's ghost (novice MiFi)
  5584 | D:6      | Found a white marble altar of Elyvilon.
  5596 | D:6      | Reached skill level 6 in Conjurations
  5775 | D:6      | Reached skill level 5 in Spellcasting
  5775 | D:6      | Reached XP level 8. HP: 46/46 MP: 11/15
  5814 | D:6      | Found a radiant altar of Vehumet.
  5997 | D:6      | Found a broken altar of Ashenzari.
  6027 | D:6      | Became a worshipper of Vehumet
  6429 | D:7      | Found Unucest's Assorted Antiques.
  6651 | D:7      | Reached skill level 7 in Conjurations
  6813 | D:7      | Bought an inky potion for 28 gold pieces
  6813 | D:7      | Bought a scroll labelled JUG JUFIRYBLU for 32 gold pieces
  6813 | D:7      | Bought a jade ring for 160 gold pieces
  6845 | D:7      | Found a glowing silver altar of Zin.
  6845 | D:7      | Noticed an angel
  6925 | D:7      | Found a flagged portal.
  6941 | Bailey   | Entered a bailey
  6963 | Bailey   | Learned a level 4 spell: Fulminant Prism
  7168 | Bailey   | Reached XP level 9. HP: 51/51 MP: 10/18
  7244 | Bailey   | Reached skill level 5 in Dodging
  7249 | Bailey   | Reached skill level 8 in Conjurations
  7281 | Bailey   | HP: 2/51 [poisoned by a kobold brigand (curare-tipped
                  | dart)]
  7282 | Bailey   | Reached * piety under Vehumet
  7282 | Bailey   | Offered knowledge of Freeze by Vehumet.
  7434 | Bailey   | Found an iron altar of Okawaru.
  7548 | D:7      | Found a staircase to the Ecumenical Temple.
  7575 | D:7      | Found an ancient bone altar of Kikubaaqudgha.
  7827 | D:7      | Reached skill level 1 in Evocations
  8002 | D:7      | Reached skill level 1 in Fire Magic
  8598 | D:8      | Found a hazy altar of Hepliaklqana.
  8796 | D:8      | Reached ** piety under Vehumet
  8796 | D:8      | Offered knowledge of Poisonous Vapours by Vehumet.
  8936 | D:8      | Reached XP level 10. HP: 56/56 MP: 13/21
  9428 | D:8      | Found an ornate altar of the Wu Jian Council.
  9535 | D:8      | Identified the +1 ring mail "Utteynk" {rPois rF- Regen+
                  | MP-9 Str+8}
  9919 | D:9      | Reached skill level 9 in Conjurations
  9993 | D:9      | Noticed a kobold demonologist
  9997 | D:9      | Noticed a rust devil
  9997 | D:9      | Noticed a centaur warrior
 10002 | D:9      | Noticed a skeletal warrior
 10007 | D:9      | Mangled by a chaos spawn

Illustrated notes

Levels and vault maps discovered:
D:1:      mrwooster_arrival_statue, layout_loops_cross
D:2:      layout_basic, shapermc_ecumenical_altar_rom_forum
D:3:      layout_basic, uniq_robin
D:4:      layout_cave_pools, kennysheep_mini,
          mainiacjoe_overflow_six_doors_small,
          mainiacjoe_overflow_surrounded_room, uniq_crazy_yiuf_cottage
D:5:      layout_rooms, lemuel_coloured_pillars_altar, gammafunk_ghost_split,
          minmay_crystal_room, chequers_avenue, nicolae_underground_beach
D:6:      layout_basic, elyvilon_altar_3, minitemple, due_unseen_surprise
D:7:      layout_rooms, zin_angel, lemuel_doored_altar,
          minmay_temple_entry_fiery, enter_bailey_5, serial_co_window_serial,
          co_window_corner_a, co_window_cross_1, co_window_corner_a,
          co_window_cross_1, co_window_paths_b, co_window_corner_b,
          co_window_paths_c, co_window_corner_b, co_window_4corner_b,
          serial_shops, nicolae_shop_temple_entry_statues_fountains
D:8:      layout_basic, nzn_hepliaklqana_mist_gate,
          nicolae_overflow_hidden_temple, nicolae_straight_to_the_point
D:9:      layout_stronghold, old_standard_altar, lair_entry_dummy,
          zombieorc2_lemuel, moated_statue, minmay_shattered_shrine

Skill      XL: |  1  2  3  4  5  6  7  8  9 10 |
---------------+-------------------------------+-----
Stealth        | 3 4 5 7 8 |  8.6
Spellcasting   | 3 4 5 6 7 |  7.7
Conjurations   | 5 6 7 8 9 |  9.0
Dodging        | 3 4 5 |  5.9
Evocations     | 2 |  2.6
Fire Magic     | 2 |  2.4

Action                     |  1- 3 |  4- 6 |  7- 9 | 10-12 || total
---------------------------+-------+-------+-------+-------++-------
  Melee: Unarmed           |    21 |       |       |       ||    21
         Tentacles         |     7 |     9 |     7 |     1 ||    24
         Constrict         |     8 |    10 |     7 |     1 ||    26
         Dagger            |    11 |    32 |       |       ||    43
         Quarterstaff      |       |    16 |    39 |     9 ||    64
   Cast: Magic Dart        |    67 |     2 |       |       ||    69
         Searing Ray       |     2 |     6 |    14 |     1 ||    23
         Foxfire           |       |   136 |   161 |    29 ||   326
         Iskenderun's Myst |       |       |    10 |     6 ||    16
         Blink             |       |       |     1 |       ||     1
         Fulminant Prism   |       |       |     4 |     7 ||    11
  Evoke: Wand              |       |       |     1 |       ||     1
    Use: Potion            |       |     1 |     1 |     1 ||     3
         Scroll            |       |     4 |     2 |     3 ||     9
   Stab: Sleeping          |       |     2 |     2 |       ||     4
 Armour: Skin              |    17 |    41 |    31 |     9 ||    98
  Dodge: Dodged            |    25 |    60 |    88 |    24 ||   197

Table legend: (Time is in decaauts)
 A = Elapsed time spent in this place.
 B = Non-inter-level travel time spent in this place.
 C = Inter-level travel time spent in this place.
 D = Time resting spent in this place.
 E = Time spent auto-exploring this place.
 F = Levels seen in this place.
 G = Mean time per level.
                   A        B        C        D        E       F      G
               +--------+--------+--------+--------+--------+-----+--------+
         Total |  10040 |   9741 |    299 |   1268 |   6704 |  10 | 1004.0 |
       Dungeon |   9498 |   9199 |    299 |   1002 |   6694 |   9 | 1055.3 |
        Bailey |    542 |    542 |      0 |    266 |     10 |   1 |  542.0 |
               +--------+--------+--------+--------+--------+-----+--------+

Top non-repeatable levels by time:
     D:6: 1405 daAuts
     D:8: 1366 daAuts
     D:7: 1317 daAuts
     D:1: 1166 daAuts
     D:3: 1114 daAuts
     D:4: 1019 daAuts
     D:2: 1000 daAuts
     D:5: 918 daAuts
  Bailey: 542 daAuts
     D:9: 190 daAuts
